 Dungeon Crawl Stone Soup version 0.26-a0-694-g74916bafe0 (webtiles) character file.

Game seed: 241458439837797555

9 Kinoniko the Skirmisher (level 2, 0/32 HPs)
             Began as an Ogre Berserker on Oct 25, 2020.
             Was a Follower of Trog.
             Succumbed to an adder's poison
             ... on level 2 of the Dungeon.
             The game lasted 00:01:09 (551 turns).

Kinoniko the Skirmisher (Ogre Berserker)             Turns: 551, Time: 00:01:09

Health: 0/32       AC:  3    Str: 20    XL:     2   Next: 12%
Magic:  2/2        EV: 10    Int:  8    God:    Trog [*.....]
Gold:   51         SH:  0    Dex:  8    Spells: 1/1 levels left

rFire    . . .     SeeInvis .   a - +0 spear
rCold    . . .     Faith    .   (no shield)
rNeg     . . .     Spirit   .   b - +0 animal skin
rPois    .         Reflect  .   (helmet restricted)
rElec    .         Harm     .   (no cloak)
rCorr    .         Rampage  .   (gloves unavailable)
MR       .....     Rnd*Tele +   (boots unavailable)
Stlth    ++........             (no amulet)
HPRegen  0.10/turn              l - ring of stealth
MPRegen  0.08/turn              f - ring of teleportation (curse)

@: lethally poisoned (0 -> -5), berserk cooldown, slowed, very slow
A: large, unfitting armour, tough skin 1
a: Berserk, Renounce Religion


You were on level 2 of the Dungeon.
You worshipped Trog.
Trog was aware of your devotion.
You visited 1 branch of the dungeon, and saw 2 of its levels.

You collected 51 gold pieces.

Inventory:

Hand Weapons
 a - a +0 spear (weapon)
Armour
 b - a +0 animal skin (worn)
Jewellery
 c - an uncursed ring of see invisible
 f - a cursed ring of teleportation (right hand)
 g - an uncursed ring of protection from fire
 l - a ring of stealth (left hand)
Scrolls
 e - a scroll of remove curse {unknown}
 h - a scroll of enchant weapon {unknown}
 i - 2 scrolls of identify {unknown}
 k - a scroll of immolation {unknown}
Potions
 d - a potion of might {unknown}
 j - a potion of curing {unknown}


   Skills:
 + Level 4.1 Fighting
 * Level 3.2 Polearms
 + Level 2.9 Dodging


You had one spell level left.
You didn't know any spells.
Your spell library was empty.

Dungeon Overview and Level Annotations

Branches:
Dungeon (2/15)

Altars:


Innate Abilities, Weirdness & Mutations

You are too large for most types of armour.
You have tough skin. (AC +1)


Message History

The adder barely misses you. The gnoll closely misses you.
You barely miss the adder.
The adder is heavily wounded.
You are no longer berserk.
You are exhausted.
You feel yourself slow down. The gnoll closely misses you. The adder bites you.
* * * LOW HITPOINT WARNING * * *
You are poisoned.
The adder poisons you!
You hit the adder.
The adder is severely wounded.
You feel sick. The gnoll barely misses you. The adder barely misses you.
The gnoll hits you from afar with a +0 spear.
* * * LOW HITPOINT WARNING * * *
A rat comes into view.
The gnoll hits you from afar with a +0 spear.
* * * LOW HITPOINT WARNING * * *
You hit the adder.
The adder is severely wounded.
You die...

##.# ####..#####
#........<#
#.........#
#.####.........#
#...................
#..##....).>...#.##
.###.S##.#####......#
....ggS@.# ...#####
.....g#### ......
$...# #...... #.r
....... #


You could see 3 gnolls, an adder, a ball python and a rat.

Vanquished Creatures
  3 goblins (D:1)
  2 kobolds (D:1)
  A bat (D:1)
  2 frilled lizards (D:1)
  2 rats (D:1)
10 creatures vanquished.

Notes
Turn   | Place    | Note
-------+----------+-------------------------------------------
     0 | D:1      | Kinoniko the Ogre Berserker began the quest for the Orb.
     0 | D:1      | Reached XP level 1. HP: 24/24 MP: 1/1
   208 | D:1      | Reached XP level 2. HP: 32/32 MP: 2/2
   550 | D:2      | HP: 1/32 [gnoll/+0 spear (2)]
   551 | D:2      | Succumbed to an adder's poison

Illustrated notes

Levels and vault maps discovered:
D:1:      minmay_arrival_glassed_features, layout_loops_cross,
          minmay_misc_feat_square
D:2:      layout_rooms, grunt_decor_fettered, uniq_robin

Action                   || total
-------------------------++-------
Melee: Spear             ||    38
Invok: Berserk           ||     1
Armor: Animal skin       ||     5
Dodge: Dodged            ||    17

Table legend: (Time is in decaauts)
 A = Elapsed time spent in this place.
 B = Non-inter-level travel time spent in this place.
 C = Inter-level travel time spent in this place.
 D = Time resting spent in this place.
 E = Time spent auto-exploring this place.
 F = Levels seen in this place.
 G = Mean time per level.
                   A        B        C        D        E       F      G
               +--------+--------+--------+--------+--------+-----+--------+
         Total |    542 |    540 |      2 |     15 |    447 |   2 |  271.0 |
       Dungeon |    542 |    540 |      2 |     15 |    447 |   2 |  271.0 |
               +--------+--------+--------+--------+--------+-----+--------+

Top non-repeatable levels by time:
     D:1: 522 daAuts
     D:2: 19 daAuts
